cohdb
Replays
Latest Replays
All Replays
Popular Replays
Top Player Replays
Match Explorer
How It Works
Community
CoH3 Stats
Reddit
Sign in to upload your games and track your stats! →
Sign in with Steam
Match 43615919
Unlisted
Match 43615919
Overview
Messages
Build Orders
End
Panzergrenadier Squad
Selects Armored Support Battlegroup
250 Light Carrier
Panzergrenadier Squad
Construct Light Support Kompanie
Combat Half-tracks
Construct Mechanized Kompanie
Selects Superior Fire Drills
Veteran Squad Leaders
Panzerjäger Mechanized Group
Selects Salvage Kits
8 Rad Armored Car
Vehicle Survival Package
2.5-tonne Medical Truck
Construct Panzerarmee Kommand
Emergency Repair Kits
Rapid Advance
Armored Reserves
Selects Flammpanzer III Medium Tank
Panzergrenadier Squad
Panzerpioneer Squad
Marder III Tank Destroyer
Tiger Heavy Tank
Selects Command Panzer IV F Medium Tank
Selects Panzer Storm
2.5-tonne Medical Truck
Ismachu
Mr Gizard The Lizard Wizard
FoxOnTheFront
Dromaeda
SmeltedElk
Blanco
0
0
Comments
sign in to comment!
No comments posted yet!